 Dungeon Crawl Stone Soup version 0.19.5 (webtiles) character file.

750 Onaxys the Ruffian (level 7, -2/57 HPs)
             Began as a Ghoul Gladiator on May 10, 2017.
             Slain by a sky beast (5 damage)
             ... on level 5 of the Dungeon.
             The game lasted 00:32:15 (3651 turns).

Onaxys the Ruffian (Ghoul Gladiator)                Turns: 3651, Time: 00:32:15

Health: -2/57      AC: 11    Str: 20    XL:     7   Next: 78%
Magic:  6/6        EV:  9    Int:  3    God:
Gold:   128        SH:  0    Dex: 10    Spells: 0 memorised, 6 levels left

rFire  . . .     SeeInvis .       - Unarmed
rCold  + . .     Gourm    .     a - +0 chain mail
rNeg   + + +     Faith    .     (no shield)
rPois  ∞         Spirit   .     b - +0 helmet
rElec  .         Reflect  .     (no cloak)
rCorr  +         Harm     .     (no gloves)
MR     .....                    l - +0 pair of boots
Stlth  ..........               (no amulet)
                                q - ring of stealth
                                j - ring of resist corrosion

@: rotting
A: rotting body, claws 1, carnivore 3, cold resistance 1, negative energy
resistance 3, slow regeneration 1, torment resistance, unbreathing
a: no special abilities


You were on level 5 of the Dungeon.
You were not hungry.

You visited 1 branch of the dungeon, and saw 6 of its levels.

You collected 128 gold pieces.

Inventory:

Missiles
 t - a throwing net (quivered)
 u - 40 bolts
Armour
 a - a +0 chain mail (worn)
 b - a +0 helmet (worn)
 l - a +0 pair of boots (worn)
Jewellery
 j - a ring of resist corrosion (left claw)
 q - a ring of stealth (right claw)
Wands
 f - a wand of heal wounds (0/9)
Scrolls
 d - 2 scrolls of recharging
 h - a scroll of remove curse
 i - a scroll of amnesia
 n - a scroll of enchant weapon
Potions
 c - a potion of brilliance {unknown}
 e - 2 potions of mutation {unknown}
 g - a potion of berserk rage {unknown}
 k - a potion of cancellation {unknown}
 m - 2 potions of agility {unknown}
 o - 3 potions of haste {unknown}
 p - 4 potions of degeneration {unknown}
 r - a potion of cure mutation {unknown}
 s - a potion of invisibility {unknown}
 v - a potion of might {unknown}
Comestibles
 w - 2 meat rations


   Skills:
 + Level 3.3 Fighting
 + Level 2.0 Throwing
 + Level 3.2 Armour
 + Level 4.2 Dodging
 + Level 1.4 Stealth
 + Level 7.0 Unarmed Combat


You had 6 spell levels left.
You didn't know any spells.

Dungeon Overview and Level Annotations

Branches:
Dungeon (6/15)
 Temple: D:4-7

Altars:

Annotations:
D:5 Prince Ribbit


Innate Abilities, Weirdness & Mutations

Your body is rotting away.
You thrive on raw meat.
You are immune to poison.
You have sharp fingernails.
You are carnivorous and can eat meat at any time.
Your flesh is cold resistant. (rC+)
You are immune to negative energy. (rN+++)
You regenerate slowly when monsters are visible.
You are immune to unholy pain and torment.
You can survive without breathing.


Message History

The ogre is lightly wounded.
You scratch the ogre.
The ogre is lightly wounded.
The ogre hits you with a giant club! The ogre hits you with a giant club.
There is a stone staircase leading up here.
The sky beast hits you but does no damage.
The ogre hits you with a giant club!!
* * * LOW HITPOINT WARNING * * *
You climb upwards.
Level annotation: Prince Ribbit
There is a stone staircase leading down here.
Found a short sword.
Evoke which item? (* to show all) (? for menu, Esc to quit)
Zapping:
f - a wand of heal wounds {zapped: 6} (will waste charges)
Press: ? - help, Shift-Dir - straight line, f - you Nothing appears to happen.
The ogre barely misses you. The sky beast hits you.
* * * LOW HITPOINT WARNING * * *
The sky beast shocks you.
You die...

.. ..# #####.#
.)...# # ....#
#. #..#
#.#..##.########
#......O@.......
.......Y########
#.###.### #


You could see a sky beast and an ogre.

Vanquished Creatures
  The ghost of mcbry the Poker, an amateur MfGl (D:3)
  A phantom (D:4)
  2 hounds (D:4)
  3 orc wizards (D:4)
  A centaur skeleton (D:5)
  Ijyb (D:2)
  Terence (D:2)
  4 worker ants
  Robin (D:3)
  8 gnolls
  4 adders
  An ooze (D:3)
  2 worms
  A dart slug (D:1)
  3 leopard geckos
  8 orcs
  3 giant cockroaches
  19 goblins
  7 hobgoblins
  4 jackals
  2 quokkas
  8 bats
  2 frilled lizards
  7 kobolds
  A rat (D:1)
95 creatures vanquished.

Notes
Turn   | Place    | Note
-------+----------+-------------------------------------------
     0 | D:1      | Onaxys the Ghoul Gladiator began the quest for the Orb.
     0 | D:1      | Reached XP level 1. HP: 17/17 MP: 0/0
   298 | D:1      | Reached XP level 2. HP: 24/24 MP: 1/1
   822 | D:2      | Reached XP level 3. HP: 30/30 MP: 2/2
  1039 | D:2      | Noticed Terence
  1055 | D:2      | Killed Terence
  1055 | D:2      | Reached skill level 4 in Unarmed Combat
  1055 | D:2      | Reached XP level 4. HP: 25/37 MP: 3/3
  1177 | D:2      | Noticed Ijyb
  1205 | D:2      | Killed Ijyb
  1205 | D:2      | Reached skill level 1 in Armour
  1256 | D:2      | Reached XP level 5. HP: 4/42 MP: 4/4
  1256 | D:2      | HP: 1/42 [gnoll/spear (3)]
  1587 | D:3      | Noticed mcbry's ghost (amateur MfGl)
  1666 | D:3      | Found a faded altar of an unknown god.
  1730 | D:3      | Noticed Robin
  1747 | D:3      | Killed Robin
  1747 | D:3      | Reached skill level 5 in Unarmed Combat
  1935 | D:3      | Reached XP level 6. HP: 23/50 MP: 5/5
  2556 | D:4      | Noticed a phantom
  2785 | D:4      | Reached skill level 1 in Stealth
  2785 | D:4      | Reached XP level 7. HP: 51/57 MP: 6/6
  2888 | D:4      | Reached skill level 6 in Unarmed Combat
  3282 | D:3      | Killed mcbry's ghost
  3508 | D:5      | Entered Level 5 of the Dungeon
  3559 | D:5      | Reached skill level 7 in Unarmed Combat
  3583 | D:5      | Noticed Prince Ribbit
  3611 | D:5      | HP: 2/55 [Prince Ribbit (13)]
  3651 | D:5      | Slain by a sky beast

Skill      XL: |  1  2  3  4  5  6  7 |
---------------+----------------------+-----
Dodging        | 3 4 |  4.2
Unarmed Combat | 4 5 7 |  7.0
Armour         | 1 2 3 |  3.2
Throwing       | 2 |  2.0
Fighting       | 3 |  3.3
Stealth        | 1 |  1.4

Action                   |  1- 3 |  4- 6 |  7- 9 || total
-------------------------+-------+-------+-------++-------
Melee: Unarmed           |    76 |   249 |    90 ||   415
       Punch             |     2 |     3 |       ||     5
Throw: Throwing net      |       |     5 |       ||     5
Evoke: Wand              |       |       |     2 ||     2
  Use: Scroll            |       |     5 |       ||     5
       Potion            |       |     3 |       ||     3
 Stab: Distracted        |       |     1 |       ||     1
       Sleeping          |       |     2 |       ||     2
  Eat: Chunk             |    10 |    32 |     2 ||    44
       Meat ration       |       |     1 |       ||     1
       Beef jerky        |       |     2 |       ||     2
Armor: Leather armour    |    24 |    76 |       ||   100
       Chain mail        |       |    12 |    28 ||    40
Dodge: Dodged            |    49 |   185 |    36 ||   270
